 Dungeon Crawl Stone Soup version 0.20-a0-382-g289d6af (webtiles) character file.

6542 tboon the Cleaver (level 10, -10/90 HPs)
             Began as a Minotaur Berserker on Dec 27, 2016.
             Was an Elder of Trog.
             Mangled by a death yak (23 damage)
             ... on level 10 of the Dungeon on Dec 28, 2016.
             The game lasted 00:27:48 (7803 turns).

tboon the Cleaver (Minotaur Berserker)              Turns: 7803, Time: 00:27:48

Health: -10/90     AC: 13    Str: 27    XL:     10   Next: 70%
Magic:  9/9        EV: 14    Int:  5    God:    Trog [****..]
Gold:   456        SH:  8    Dex: 11    Spells: 9/9 levels left

rFire  . . .     SeeInvis .     B - +0 war axe
rCold  + . .     Gourm    .     m - +2 scale mail {rC+}
rNeg   . . .     Faith    .     w - +2 buckler {rPois}
rPois  +         Spirit   .     t - +2 hat
rElec  .         Reflect  .     n - +0 cloak
rCorr  .         Harm     .     (no gloves)
MR     .....                    (no boots)
Stlth  ..........               (no amulet)
                                (no ring)
                                y - +4 ring of strength

@: exhausted, slowed, very slow
A: retaliatory headbutt, horns 2
a: Berserk, Trog's Hand, Brothers in Arms, Burn Spellbooks, Renounce Religion


You were on level 10 of the Dungeon.
You worshipped Trog.
Trog was greatly pleased with you.
You were not hungry.

You visited 1 branch of the dungeon, and saw 10 of its levels.

You collected 456 gold pieces.

Inventory:

Hand Weapons
 o - a +0 mace of draining
   (You found it on level 2 of the Dungeon)
 B - a +0 war axe (weapon)
   (You found it on level 9 of the Dungeon)
Armour
 f - the +1 plate armour of the Cricket {Dex+2}
   (You found it on level 6 of the Dungeon)

   It affects your dexterity (+2).
 m - a +2 scale mail of cold resistance (worn)
   (You found it on level 2 of the Dungeon)
 n - a +0 cloak (worn)
   (You found it on level 2 of the Dungeon)
 p - a +2 chain mail of positive energy
   (You took it off an orc warrior on level 9 of the Dungeon)
 t - a +2 hat (worn)
   (You found it on level 5 of the Dungeon)
 w - a +2 buckler of poison resistance (worn)
   (You found it on level 5 of the Dungeon)
Jewellery
 y - a +4 ring of strength (left hand)
   (You found it on level 5 of the Dungeon)
Wands
 r - a wand of iceblast (3/15)
   (You found it on level 8 of the Dungeon)
Scrolls
 b - 3 scrolls of recharging
 e - 2 scrolls of remove curse
 g - 2 scrolls of enchant weapon
 k - a scroll of enchant armour {unknown}
 s - a scroll of random uselessness {unknown}
 v - a scroll of magic mapping {!r}
 x - a scroll of summoning
 z - 2 scrolls of teleportation
 E - a scroll of vulnerability {unknown}
Potions
 d - a potion of lignification {unknown}
 i - 2 potions of berserk rage {!q}
 j - a potion of curing
 q - a potion of flight {unknown}
 u - a potion of agility
 F - 2 potions of brilliance
Comestibles
 c - 8 bread rations
 h - 4 meat rations
 l - 5 fruits
 A - a slice of pizza


   Skills:
 + Level 8.8 Fighting
 * Level 11.4 Axes
 + Level 7.8 Armour
 + Level 7.4 Dodging
 + Level 9.1 Shields


You had 9 spell levels left.
You didn't know any spells.

Dungeon Overview and Level Annotations

Branches:
Dungeon (10/15)            Temple (0/1) D:4             Orc (0/2) D:9
   Lair: D:8-11

Altars:
Ashenzari
Dithmenos
Gozag
Ru
Xom
Yredelemnul
The Shining One

Shops:
D:5 }   D:8 =


Innate Abilities, Weirdness & Mutations

You reflexively headbutt those who attack you in melee.
You have a pair of horns on your head.


Message History

There is a stone staircase leading up here.
You open the door.
There is an open door here.
You open the door.
There is an open door here.
There is an open door here.
You open the door.
There is an open door here.
A death yak comes into view.
The death yak bellows!
A red film seems to cover your vision as you go berserk!
You feel yourself moving faster!
You feel mighty!
You are near starving!
You slice the death yak!! You headbutt the death yak!
The death yak is heavily wounded.
You slash the death yak! Your headbutt misses the death yak.
The death yak is severely wounded.
The death yak gores you!
You slash the death yak! You headbutt the death yak!
The death yak is almost dead.
The death yak gores you but does no damage.
You slash the death yak!
You kill the death yak!
Trog accepts your kill.
Your Axes skill increases to level 11!
You start resting.
You feel a strong urge to attack something.
You start resting.
You feel your anger subside.
You are no longer berserk.
You are exhausted.
You feel yourself slow down.
You start resting.
A death yak comes into view.
You start eating the beef jerky.
The death yak bellows!
You are feeling hungry.
That beef jerky was delicious!
You start eating one of the 9 bread rations.
The death yak bellows!
Keep eating?
You continue eating.
The death yak bellows!
You continue eating.
The death yak bellows!
You finish eating.
That bread ration really hit the spot!
Your ogre goes berserk!
You feel quite a bit more hungry. Trog will no longer gift you weapons.
The death yak snorts and paws the ground.
Your ogre hits the death yak with a giant club!
Your ogre hits the death yak with a giant club!!
You hit the death yak but do no damage.
The death yak is moderately wounded.
Your ogre hits the death yak with a giant club!
The death yak closely misses you. You furiously retaliate!
You headbutt the death yak, but do no damage.
You hit the death yak.
The death yak is heavily wounded.
Your ogre hits the death yak with a giant club!!
The death yak gores your ogre.
Your ogre hits the death yak with a giant club!!
The death yak dies!
Trog accepts your kill.
Your Shields skill increases to level 9!
The death yak gores you but does no damage.
Your ogre hits the death yak with a giant club!
The death yak gores you.
The death yak gores you but does no damage.
The death yak gores your ogre!
Your ogre hits the death yak with a giant club!!!
You hit the death yak. Your headbutt misses the death yak.
The death yak is lightly wounded.
You hit the death yak. The death yak gores you!!
You block the death yak's attack.
Your ogre hits the death yak with a giant club!
The death yak gores your ogre! The death yak gores you!
You hit the death yak.
You kill the death yak!
Trog accepts your kill.
You hit the death yak.
Your ogre barely misses the death yak.
The death yak gores you! The death yak misses you.
Your ogre hits the death yak with a giant club!!
The death yak gores you!
You hit the death yak but do no damage.
The death yak is moderately wounded.
You hit the death yak but do no damage.
Your ogre barely misses the death yak.
The death yak gores you but does no damage.
You block the death yak's attack.
Your ogre hits the death yak with a giant club!
You slice the death yak!!
You headbutt the death yak, but do no damage.
The death yak is severely wounded.
You hit the death yak but do no damage. The death yak gores you!!
* * * LOW HITPOINT WARNING * * *
You block the death yak's attack.
Your ogre hits the death yak with a giant club!!
The death yak gores you.
* * * LOW HITPOINT WARNING * * *
The death yak gores you!!
You die...

#........#...#
#........'...#
#........#...#
##......##...#
####+#######......##...#
#.................##...#
#.................##...#
#......YO†.....Y..#.....
#.....@Y##.......#....#
#+########.......#....#
..............#.....
..........###+###..#
..........# ####
..........# #..#
..........+ +..#
.....#....# #..'
.....#.##.# ####


You could see 2 death yaks and a friendly ogre (berserk).

Vanquished Creatures
  A two-headed ogre (D:8)
  2 death yaks (D:10)
  Psyche (D:8)
  The ghost of Kurtz the Poker, a novice KoMo of Makhleb (D:5)
  A spriggan (D:7)
  3 hippogriffs
  A human (D:7)
  Menkaure (D:6)
  A water moccasin (D:9)
  A sky beast (D:9)
  3 orc warriors (D:9)
  2 ice beasts (D:7)
  A phantom (D:8)
  A necrophage (D:9)
  4 ogres
  A centaur (D:8)
  2 bullfrogs (D:6)
  A scorpion (D:8)
  7 killer bees
  5 howler monkeys
  6 crimson imps
  A quasit (D:9)
  2 hounds (D:8)
  A jelly (D:9)
  Crazy Yiuf (D:2)
  A human zombie (D:7)
  4 orc priests
  Jessica (D:2)
  2 bullfrog skeletons
  An iguana (D:7)
  11 orc wizards
  5 worker ants
  2 worker ant zombies
  3 gnolls (D:3)
  11 adders
  An adder skeleton (D:3)
  A worm (D:2)
  3 dart slugs
  2 leopard geckos
  28 orcs
  9 giant cockroaches
  13 hobgoblins
  5 kobolds
  5 quokkas
  2 ball pythons (D:1)
  8 bats
  8 frilled lizards
  12 goblins
  A goblin zombie (D:7)
  A leopard gecko zombie (D:6)
  A quokka skeleton (D:8)
  8 rats
200 creatures vanquished.

Vanquished Creatures (collateral kills)
  A death yak (D:10)
1 creature vanquished.

Grand Total: 201 creatures vanquished

Notes
Turn   | Place    | Note
-------+----------+-------------------------------------------
     0 | D:1      | tboon the Minotaur Berserker began the quest for the Orb.
     0 | D:1      | Reached XP level 1. HP: 19/19 MP: 0/0
   323 | D:1      | Reached XP level 2. HP: 27/27 MP: 1/1
   377 | D:1      | Reached skill level 4 in Axes
   598 | D:1      | Reached skill level 4 in Fighting
   761 | D:2      | Reached XP level 3. HP: 33/33 MP: 2/2
   773 | D:2      | Noticed Jessica
   885 | D:2      | Found a sacrificial altar of Ru.
  1079 | D:2      | Found a runed door.
  1084 | D:2      | Noticed Crazy Yiuf
  1088 | D:2      | Killed Crazy Yiuf
  1088 | D:2      | Reached skill level 3 in Armour
  1088 | D:2      | Reached XP level 4. HP: 41/41 MP: 3/3
  1227 | D:2      | Reached ** piety under Trog
  1338 | D:2      | Reached skill level 5 in Axes
  1404 | D:2      | Found an opulent altar of Gozag.
  1463 | D:2      | Reached skill level 3 in Dodging
  1465 | D:2      | Killed Jessica
  1547 | D:2      | Reached XP level 5. HP: 40/47 MP: 4/4
  1995 | D:3      | Reached *** piety under Trog
  2009 | D:3      | Reached skill level 5 in Fighting
  2278 | D:4      | Reached XP level 6. HP: 35/56 MP: 5/5
  2281 | D:4      | Reached skill level 1 in Shields
  2486 | D:4      | Found a staircase to the Ecumenical Temple.
  2504 | D:4      | Reached skill level 6 in Axes
  2846 | D:4      | Reached skill level 4 in Armour
  2846 | D:4      | Reached skill level 2 in Shields
  2846 | D:4      | Reached XP level 7. HP: 53/61 MP: 6/6
  3101 | D:5      | Entered Level 5 of the Dungeon
  3257 | D:5      | Reached skill level 4 in Dodging
  3339 | D:5      | Noticed Kurtz's ghost (novice KoMo)
  3349 | D:5      | Killed Kurtz's ghost
  3349 | D:5      | Reached skill level 7 in Axes
  3349 | D:5      | Reached skill level 3 in Shields
  3357 | D:5      | Reached **** piety under Trog
  3453 | D:5      | Found Aqoicaf's Gadget Shoppe.
  3813 | D:6      | Reached skill level 6 in Fighting
  3862 | D:6      | Noticed Menkaure
  3867 | D:6      | Reached skill level 4 in Shields
  3869 | D:6      | HP: 14/94 [??? (12)]
  3871 | D:6      | Killed Menkaure
  3871 | D:6      | Reached XP level 8. HP: 17/70 MP: 7/7
  4309 | D:6      | Reached skill level 5 in Armour
  4382 | D:6      | Got a pitted plate armour
  4574 | D:6      | Reached skill level 8 in Axes
  4601 | D:6      | Found a shattered altar of Ashenzari.
  4632 | D:6      | Reached skill level 5 in Shields
  4960 | D:7      | Noticed a hippogriff
  4973 | D:7      | Killed a hippogriff
  4973 | D:7      | Reached skill level 5 in Dodging
  5067 | D:7      | Found a runed door.
  5075 | D:7      | Found a basalt altar of Yredelemnul.
  5261 | D:7      | Reached skill level 6 in Shields
  5510 | D:7      | Reached XP level 9. HP: 54/78 MP: 8/8
  5780 | D:7      | Reached skill level 7 in Fighting
  5780 | D:7      | Reached skill level 9 in Axes
  5870 | D:8      | Noticed a two-headed ogre
  5884 | D:8      | Killed a two-headed ogre
  5884 | D:8      | Reached skill level 6 in Armour
  5884 | D:8      | Reached skill level 7 in Shields
  6009 | D:8      | Found a shimmering altar of Xom.
  6009 | D:8      | Found a shadowy altar of Dithmenos.
  6012 | D:8      | Found a glowing golden altar of the Shining One.
  6046 | D:8      | Found Uzack's Jewellery Shop.
  6054 | D:8      | Upgraded the game from 0.20-a0-370-gd6af2a4 to 0.20-a0-382-g289d6af
  6104 | D:8      | Reached skill level 6 in Dodging
  6145 | D:8      | Identified the +1 plate armour of the Cricket {Dex+2} (You found it on level 6 of the Dungeon)
  6344 | D:8      | Reached skill level 10 in Axes
  6402 | D:8      | Noticed Psyche
  6410 | D:8      | Killed Psyche
  6410 | D:8      | Reached skill level 8 in Shields
  6504 | D:8      | Reached skill level 8 in Fighting
  6540 | D:9      | Found Loyroledgh's Food Shoppe.
  6555 | D:9      | Reached XP level 10. HP: 80/88 MP: 9/9
  6715 | D:9      | Reached skill level 7 in Armour
  7026 | D:9      | Found a staircase to the Orcish Mines.
  7205 | D:9      | Reached ***** piety under Trog
  7484 | D:9      | Reached skill level 7 in Dodging
  7722 | D:10     | Entered Level 10 of the Dungeon
  7762 | D:10     | Noticed a death yak
  7774 | D:10     | Killed a death yak
  7774 | D:10     | Reached skill level 11 in Axes
  7790 | D:10     | Noticed a death yak
  7791 | D:10     | Noticed a death yak
  7792 | D:10     | Noticed a death yak
  7793 | D:10     | Noticed a death yak
  7798 | D:10     | Killed a death yak
  7798 | D:10     | Reached skill level 9 in Shields
  7801 | D:10     | Killed a death yak
  7803 | D:10     | HP: 17/90 [death yak (18)]
  7803 | D:10     | Mangled by a death yak

Vault maps used:
D:1:      erik_arrival_triangle_small
D:2:      marbit_many_paths, nicolae_ru_path_of_blood, uniq_crazy_yiuf_cottage,
          uniq_jessica
D:3:      cheibrodos_greedy_goblins, first_bread, serial_bayou_pond_b
D:5:      serial_shops, nicolae_shop_waterfront, kennysheep_generic_room_8
D:6:      nicolae_ashenzari_panopticon, uniq_menkaure
D:7:      the_bakery, dk_yredelemnul_ordeal
D:8:      nicolae_overflow_hidden_temple, serial_shops, nicolae_shop_stone,
          uniq_psyche
D:9:      david_orc_4, serial_shops, shop, lemuel_flamethrower_2
D:10:     dpeg_lair_monsters, basic_altar, serial_shops, kennysheep_little_box,
          minmay_misc_feat_encased, minmay_orc_keep

Skill      XL: |  1  2  3  4  5  6  7  8  9 10 |
---------------+-------------------------------+-----
Axes           | 4 5 6 7 8 10 11 | 11.4
Fighting       | 4 5 6 8 |  8.8
Armour         | 3 4 5 6 7 |  7.8
Dodging        | 3 4 5 6 7 |  7.4
Shields        | 2 4 6 8 9 |  9.1

Action                   |  1- 3 |  4- 6 |  7- 9 | 10-12 || total
-------------------------+-------+-------+-------+-------++-------
Melee: Hand axe          |    73 |   143 |   242 |    12 ||   470
       Headbutt          |    11 |    26 |    53 |    34 ||   124
       War axe           |       |       |       |   118 ||   118
Invok: Berserk           |     1 |     1 |     4 |     2 ||     8
       Trog's Hand       |       |     1 |     1 |       ||     2
       Brothers in Arms  |       |       |       |     1 ||     1
  Use: Scroll            |       |     8 |     9 |     3 ||    20
       Potion            |       |       |       |     1 ||     1
  Eat: Chunk             |     1 |     7 |    15 |     4 ||    27
       Pizza             |       |       |     1 |       ||     1
       Bread ration      |       |       |       |     1 ||     1
       Beef jerky        |       |       |       |     1 ||     1
Armor: Animal skin       |    16 |     7 |       |       ||    23
       Scale mail        |       |    45 |    64 |    51 ||   160
Dodge: Dodged            |    42 |    75 |    93 |    77 ||   287
Block: Buckler           |       |     5 |    43 |    46 ||    94

Vault maps used:
D:1:      erik_arrival_triangle_small
D:2:      marbit_many_paths, nicolae_ru_path_of_blood, uniq_crazy_yiuf_cottage,
          uniq_jessica
D:3:      cheibrodos_greedy_goblins, first_bread, serial_bayou_pond_b
D:5:      serial_shops, nicolae_shop_waterfront, kennysheep_generic_room_8
D:6:      nicolae_ashenzari_panopticon, uniq_menkaure
D:7:      the_bakery, dk_yredelemnul_ordeal
D:8:      nicolae_overflow_hidden_temple, serial_shops, nicolae_shop_stone,
          uniq_psyche
D:9:      david_orc_4, serial_shops, shop, lemuel_flamethrower_2
D:10:     dpeg_lair_monsters, basic_altar, serial_shops, kennysheep_little_box,
          minmay_misc_feat_encased, minmay_orc_keep

Table legend:
 A = Turns spent in this place as a percentage of turns spent in the entire game.
 B = Non-inter-level travel turns spent in this place as a percentage of non-inter-level travel turns spent in the entire game.
 C = Inter-level travel turns spent in this place as a percentage of turns spent in this place.
 D = Turns resting spent in this place as a percentage of non-inter-level travel turns spent in this place.
 E = Turns spent auto-exploring this place as a percentage of non-inter-level travel turns spent in this place.
 F = Non-inter-level travel turns spent in this place divided by the number of levels of this place that you've seen.
                   A       B       C       D       E      F
               +-------+-------+-------+-------+-------+----------------------
         Total | 100.0 | 100.0 |   0.8 |   5.0 |  12.3 | 169.5
       Dungeon | 100.0 | 100.0 |   0.8 |   5.0 |  12.3 | 169.5
               +-------+-------+-------+-------+-------+----------------------

Table legend:
 A = Kills in this place as a percentage of kills in entire the game.
 B = Kills by you in this place as a percentage of kills by you in the entire game.
 C = Kills by friends in this place as a percentage of kills by friends in the entire game.
 D = Other kills in this place as a percentage of other kills in the entire game.
 E = Experience gained in this place as a percentage of experience gained in the entire game.
 F = Experience gained in this place divided by the number of levels of this place that you have seen.
                   A       B       C       D       E      F
               +-------+-------+-------+-------+-------+----------------------
         Total | 100.0 | 100.0 | 100.0 |  -nan | 100.0 | 934.7
       Dungeon | 100.0 | 100.0 | 100.0 |  -nan | 100.0 | 934.7
               +-------+-------+-------+-------+-------+----------------------
